 Dungeon Crawl Stone Soup version 0.16.2-12-gd0ad4c3 (webtiles) character file.

24800 Charly the Severer (level 12, 0/114 HPs)
             Began as a Deep Dwarf Gladiator on Aug 1, 2016.
             Was an Elder of Makhleb.
             Killed from afar by a naga mage (6 damage)
             ... with a poison arrow
             ... on level 5 of the Snake Pit.
             The game lasted 01:28:29 (3863 turns).

Charly the Severer (Deep Dwarf Gladiator)           Turns: 3863, Time: 01:28:29

Health: 0/114      AC: 18    Str: 15    XL:     12   Next: 83%
Magic:  16/17      EV: 14    Int: 10    God:    Makhleb [****..]
Gold:   373        SH:  0    Dex: 20    Spells: 0 memorised, 11 levels left

rFire  + . .     SeeInvis .     a - +0 battleaxe (freeze)
rCold  . . .     Clarity  .     q - +0 plate armour
rNeg   . . .     SustAb   .     (no shield)
rPois  +         Gourm    .     (helmet restricted)
rElec  .         Spirit   .     n - +1 cloak
rCorr  +         Warding  .     h - +0 pair of gloves
rMut   .         Stasis   .     (no boots)
MR     +....                    D - amulet of resist corrosion
Stlth  ..........               s - +5 ring of evasion
                                g - ring of the Fool {rPois rF+ Str-4 Dex+3}

@: lethally poisoned (0 -> 0), non-regenerating, constricted, somewhat resistant
to hostile enchantments, extremely unstealthy
A: damage resistance, recharge devices, horns 1, talons 1, sense surroundings 2,
slow healing 3, evolution 1
a: Device Recharging, Minor Destruction, Lesser Servant of Makhleb, Major
Destruction, Renounce Religion


You were on level 5 of the Snake Pit.
You worshipped Makhleb.
Makhleb was greatly pleased with you.
You were hungry.

You visited 4 branches of the dungeon, and saw 26 of its levels.
You also visited: Labyrinth and Ice Cave.

You collected 445 gold pieces.
You spent 72 gold pieces at shops.

Inventory:

Hand weapons
 a - a +0 battleaxe of freezing (weapon)
 b - a +4 great mace of protection
 i - a +0 battleaxe of freezing
 k - a +3 blowgun of evasion
 l - a +0 battleaxe of freezing
 m - a +1 war axe of freezing
Armour
 c - a +0 helmet
 h - a +0 pair of gloves (worn)
 n - a +1 cloak (worn)
 q - a +0 plate armour (worn)
Rods
 w - a +1 rod of clouds (4/10)
   (You found it in a labyrinth)
Jewellery
 f - an uncursed ring of fire
 g - the ring of the Fool (left hand) {rPois rF+ Str-4 Dex+3}
   (You found it in a labyrinth)

   [ring of protection from fire]

   It affects your strength (-4).
   It affects your dexterity (+3).
   It protects you from fire.
   It protects you from poison.
 s - a +5 ring of evasion (right hand)
 u - a +3 ring of intelligence
 C - an uncursed ring of teleport control
 D - an amulet of resist corrosion (around neck)
 S - an uncursed amulet of stasis
Magical devices
 e - a wand of heal wounds (0)
 r - a wand of cold (5)
 F - a wand of random effects (6)
 G - a wand of digging (14)
Scrolls
 H - 2 scrolls of vulnerability
 I - a scroll of magic mapping
Potions
 d - a potion of magic
 o - a potion of ambrosia
 t - a potion of berserk rage {unknown}
 z - a potion of restore abilities {unknown}
 A - a potion of resistance {unknown}
 B - a potion of agility {unknown}
 M - a potion of flight
Miscellaneous
 v - a lamp of fire (inert)
Comestibles
 j - 8 bread rations
 p - 5 meat rations


   Skills:
 + Level 9.3 Fighting
 + Level 15.8 Axes
 - Level 1.7 Throwing
 - Level 9.4 Armour
 - Level 7.5 Dodging
 - Level 4.6 Invocations
 + Level 8.5 Evocations


You had 11 spell levels left.
You didn't know any spells.

Dungeon Overview and Level Annotations

Branches:
Dungeon (12/15)            Temple (1/1) D:6            Lair (8/8) D:11
  Snake (5/5) Lair:5
  Swamp: Lair:3-6    Shoals: Lair:3-6     Slime: Lair:6-8       Orc: D:9-12

Altars:
Ashenzari
Cheibriados
Dithmenos
Elyvilon
Kikubaaqudgha
Makhleb
Qazlal
Sif Muna
Trog
Vehumet
The Shining One

Shops:
D:4 *

Annotations:
D:11 2 runed doors
Lair:5 exclusion: oklob plant
Lair:7 1 exclusion


Innate Abilities, Weirdness & Mutations

You are resistant to damage.
You can recharge devices by infusing magical energy.
You passively map the area around you.
You do not heal naturally.
You have a pair of small horns on your head.
You have sharp toenails.
You evolve.


Message History

You resist with almost no effort.
Evoke which item? (* to show all) (? for menu, Esc to quit)
Aim the lamp in which direction?
Press: ? - help, Dir - move target cursor, f - naga
Aim: a naga, wielding a hand axe and wearing a robe The flames dance!
The trail of fire hits the naga mage.
The naga mage is moderately wounded.
You are standing in the rain.
The black mamba bites you! The naga mage hits you with a war axe.
The black mamba bites you but does no damage.
The naga hits you with a morningstar of protection!
* * * LOW HITPOINT WARNING * * *
x2 The naga constricts you.
The naga warrior hits you from afar with a spear!!
* * * LOW HITPOINT WARNING * * *
The naga mage casts a spell at you. The poison arrow hits you!
You are more poisoned.
You partially resist.
You die...

,, * ##...#### #... *
##.......###... ..
#.............. ** ...##
##.............. .....#
#....(.)....[... ......#
#............... .......##
##§..............
.........###§...........##..
*
..........##@§(##############
* .....≈≈§.§§NSN## # ,
,#.....§§§N§§## ,,
##...§§§N§### * * ,, *
##...§§### * ,,, ###E§N...#
*, , , , ##≈..N...# , ** * *
N....N..#* * , ..........#


You could see a naga warrior, a black mamba, a naga mage, 3 nagas and a friendly
fire elemental.

Vanquished Creatures
  A minotaur (Lab)
  2 anacondas
  2 hydras
  A naga sharpshooter (Snake:5)
  A salamander mystic (Snake:5)
  A naga ritualist (Snake:3)
  A mana viper (Snake:1)
  An ugly thing (D:11)
  3 salamanders
  3 black mambas
  8 elephants
  A smoke demon (Snake:3)
  2 spiny frogs
  An orange demon (IceCv)
  A komodo dragon (Lair:5)
  14 polar bears (IceCv)
  A shadow (D:11)
  25 yaks
  A deep elf mage (D:9)
  A wraith (D:11)
  6 wolves (IceCv)
  3 hippogriffs
  2 porcupines
  14 nagas
  8 water moccasins
  2 ogres
  2 orc warriors
  A black bear (D:7)
  A sky beast (D:7)
  A centaur (D:4)
  2 ice beasts
  4 crocodiles
  6 giant frogs
  A scorpion (D:11)
  3 crimson imps
  2 orc priests
  A jelly (D:7)
  A centaur zombie (D:6)
  A giant frog zombie (D:6)
  A centaur skeleton (D:7)
  3 hounds
  A giant frog skeleton (D:7)
  An iguana (Lair:3)
  4 worker ants
  2 sheep (D:11)
  3 adders
  A gnoll (D:1)
  A shadow imp (D:7)
  A giant mite (D:3)
  An adder zombie (D:9)
  4 giant geckos
  12 orcs
  3 giant cockroaches
  3 hobgoblins
  3 jackals (D:6)
  2 kobolds
  2 quokkas
  3 bats
  A giant gecko skeleton (D:4)
  A giant newt (D:1)
  5 goblins
  5 rats
  A ballistomycete (D:11)
  A fungus (Lair:4)
197 creatures vanquished.

Vanquished Creatures (collateral kills)
  A frost giant (IceCv)
  A naga mage (Snake:5)
  3 wolves (IceCv)
  2 ice beasts (IceCv)
7 creatures vanquished.

Vanquished Creatures (others)
  A smoke demon (IceCv)
  A polar bear (IceCv)
  An orange demon (IceCv)
  3 hellwings (IceCv)
  A ynoxinul (IceCv)
  An ufetubus (Snake:2)
  A giant spore (D:11)
9 creatures vanquished.

Grand Total: 213 creatures vanquished

Notes
Turn   | Place    | Note
--------------------------------------------------------------
     0 | D:1      | Charly, the Deep Dwarf Gladiator, began the quest for the Orb.
     0 | D:1      | Reached XP level 1. HP: 19/19 MP: 1/1
   102 | D:1      | Reached skill level 4 in Axes
   102 | D:1      | Reached XP level 2. HP: 23/26 MP: 2/2
   415 | D:3      | Reached XP level 3. HP: 22/32 MP: 3/3
   515 | D:4      | Found Imuden's General Store.
   536 | D:4      | Bought a scroll of identify for 24 gold pieces
   536 | D:4      | Bought a potion of might for 48 gold pieces
   560 | D:4      | Reached skill level 5 in Axes
   565 | D:5      | Entered Level 5 of the Dungeon
   587 | D:4      | Reached XP level 4. HP: 12/39 MP: 4/4
   627 | D:4      | Noticed a centaur
   645 | D:4      | Killed a centaur
   645 | D:4      | Reached skill level 6 in Axes
   645 | D:4      | Reached XP level 5. HP: 15/45 MP: 5/5
   744 | D:4      | Found a deep blue altar of Sif Muna.
   818 | D:7      | Noticed a black bear
   818 | D:7      | Noticed a hippogriff
   825 | D:7      | Killed a hippogriff
   825 | D:7      | Reached skill level 7 in Axes
   825 | D:7      | Reached XP level 6. HP: 34/52 MP: 6/6
   830 | D:7      | Killed a black bear
   830 | D:7      | Reached skill level 8 in Axes
   875 | D:7      | Noticed a sky beast
   880 | D:7      | Killed a sky beast
   880 | D:7      | Reached XP level 7. HP: 27/58 MP: 7/7
   884 | D:7      | Gained mutation: You tend to lose your temper in combat. [mutagenic meat]
   885 | D:7      | Gained mutation: You evolve. [mutagenic meat]
   957 | D:7      | Noticed an ogre
   965 | D:7      | Killed an ogre
   965 | D:7      | Reached skill level 9 in Axes
  1124 | D:7      | Noticed an orc warrior
  1150 | D:7      | Reached skill level 1 in Armour
  1153 | D:7      | Killed an orc warrior
  1193 | D:7      | 13/6
  1229 | D:6      | Lost mutation: You tend to lose your temper in combat. [evolution]
  1230 | D:6      | Found a staircase to the Ecumenical Temple.
  1249 | D:6      | 14/6
  1251 | Temple   | Entered the Ecumenical Temple
  1265 | Temple   | Became a worshipper of Makhleb the Destroyer
  1341 | D:9      | Noticed a deep elf mage
  1358 | D:9      | Killed a deep elf mage
  1358 | D:9      | Reached skill level 10 in Axes
  1358 | D:9      | Reached XP level 8. HP: 33/69 MP: 8/8
  1459 | D:9      | Noticed a yak
  1459 | D:9      | Noticed a yak
  1459 | D:9      | Noticed a yak
  1460 | D:9      | Noticed a yak
  1461 | D:9      | Noticed a yak
  1463 | D:9      | Noticed a yak
  1469 | D:9      | Killed a yak
  1522 | D:9      | Killed a yak
  1523 | D:9      | Killed a yak
  1526 | D:9      | Killed a yak
  1538 | D:9      | Killed a yak
  1538 | D:9      | Gained mutation: You passively map the area around you. [level up]
  1538 | D:9      | Reached XP level 9. HP: 36/79 MP: 8/8
  1541 | D:9      | Killed a yak
  1541 | D:9      | Reached skill level 5 in Armour
  1557 | D:8      | Noticed a hippogriff
  1571 | D:9      | Killed a hippogriff
  1571 | D:9      | Reached skill level 11 in Axes
  1582 | D:10     | Entered Level 10 of the Dungeon
  1626 | D:11     | Reached skill level 5 in Fighting
  1650 | D:11     | Noticed a brown ugly thing
  1687 | D:11     | Killed a brown ugly thing
  1720 | D:11     | Found a large runed door.
  1725 | D:11     | Acquired Makhleb's first power
  1726 | D:11     | Found a large runed door.
  1736 | D:11     | Noticed an orc knight
  1760 | D:11     | Found a burning altar of Makhleb.
  1781 | D:11     | Noticed an elephant
  1784 | D:11     | Found a staircase to the Lair.
  1808 | D:11     | Killed an elephant
  1821 | Lair:1   | Entered Level 1 of the Lair of Beasts
  1861 | Lair:2   | Found a deep blue altar of Sif Muna.
  1879 | Lair:1   | Reached skill level 1 in Evocations
  1961 | Lair:2   | Gained mutation: You have a pair of small horns on your head. [evolution]
  1962 | Lair:2   | 15/8
  2022 | Lair:3   | Reached XP level 10. HP: 45/91 MP: 8/10
  2033 | Lair:3   | Noticed a black mamba
  2042 | Lair:3   | Killed a black mamba
  2042 | Lair:3   | Reached skill level 12 in Axes
  2123 | Lair:4   | Noticed a seven-headed hydra
  2137 | Lair:4   | Acquired Makhleb's second power
  2139 | Lair:4   | 16/8
  2154 | Lair:5   | Noticed an elephant
  2154 | Lair:5   | Noticed an elephant
  2154 | Lair:5   | Noticed an elephant
  2159 | Lair:5   | Noticed an elephant
  2167 | Lair:5   | Noticed an oklob plant
  2203 | Lair:5   | Found a labyrinth entrance.
  2211 | Lab      | Entered a labyrinth
  2458 | Lab      | Noticed a minotaur
  2470 | Lab      | Killed a minotaur
  2472 | Lab      | Got a warped pewter ring
  2478 | Lab      | Identified the ring of the Fool {rPois rF+ Str-4 Dex+3} (You found it in a labyrinth)
  2499 | Lair:5   | Killed an elephant
  2500 | Lair:5   | Killed an elephant
  2512 | Lair:5   | Killed an elephant
  2512 | Lair:5   | Reached skill level 5 in Dodging
  2518 | Lair:4   | Noticed a four-headed hydra
  2525 | Lair:4   | Killed a six-headed hydra
  2544 | Lair:5   | Identified a +1 rod of clouds (10/10) (You found it in a labyrinth)
  2590 | Lair:6   | Noticed a five-headed hydra
  2607 | Lair:5   | Noticed an elephant
  2608 | Lair:5   | Noticed an elephant
  2608 | Lair:5   | Noticed an elephant
  2610 | Lair:5   | Noticed an elephant
  2635 | Lair:5   | Reached XP level 11. HP: 43/99 MP: 15/15
  2640 | Lair:5   | Killed an elephant
  2640 | Lair:5   | Reached skill level 13 in Axes
  2640 | Lair:5   | Reached skill level 5 in Evocations
  2640 | Lair:5   | Killed an elephant
  2642 | Lair:5   | Killed an elephant
  2643 | Lair:5   | Killed an elephant
  2681 | Lair:7   | Found an ancient bone altar of Kikubaaqudgha.
  2789 | Lair:7   | Found a frozen archway.
  2802 | IceCv    | Entered an ice cave
  2826 | IceCv    | Acquired Makhleb's third power
  2832 | IceCv    | 16/8
  2867 | IceCv    | HP: 1/100 [polar bear (20)]
  2894 | IceCv    | Noticed an ice statue
  2961 | IceCv    | Gained mutation: You have sharp toenails. [potion of beneficial mutation]
  3212 | IceCv    | 18/8
  3242 | IceCv    | Noticed a frost giant
  3277 | IceCv    | Killed a frost giant
  3277 | IceCv    | Reached skill level 14 in Axes
  3277 | IceCv    | Reached XP level 12. HP: 73/110 MP: 16/16
  3446 | Lair:8   | Entered Level 8 of the Lair of Beasts
  3518 | Lair:6   | Killed a five-headed hydra
  3528 | Lair:6   | Found a staircase to the Snake Pit.
  3597 | Lair:5   | Found a staircase to the Snake Pit.
  3600 | Lair:5   | Reached skill level 15 in Axes
  3602 | Lair:5   | 18/9
  3617 | Snake:1  | Entered Level 1 of the Snake Pit
  3666 | Snake:2  | Noticed an anaconda
  3677 | Snake:2  | Killed an anaconda
  3701 | Snake:3  | Noticed an anaconda
  3714 | Snake:3  | Killed an anaconda
  3727 | Snake:3  | Noticed a greater naga
  3758 | Snake:5  | Entered Level 5 of the Snake Pit
  3779 | Snake:5  | 18/14
  3843 | Snake:4  | Acquired Makhleb's fourth power
  3845 | Snake:5  | Noticed a naga warrior
  3863 | Snake:5  | Killed from afar by a naga mage

Action                   |  1- 3 |  4- 6 |  7- 9 | 10-12 || total
-------------------------+-------+-------+-------+-------++-------
Melee: War axe           |    79 |    53 |   261 |   340 ||   733
       Battleaxe         |       |       |       |   132 ||   132
       Great mace        |       |       |       |     3 ||     3
Throw: Throwing net      |     4 |     3 |     1 |     1 ||     9
Invok: Minor Destruction |       |       |       |     2 ||     2
       Lesser Servant of |       |       |       |    12 ||    12
 Abil: Device Recharging |       |       |     2 |     5 ||     7
Evoke: Wand              |       |       |    12 |    38 ||    50
       Rod               |       |       |       |     9 ||     9
       Lamp of fire      |       |       |       |     1 ||     1
  Use: Scroll            |     3 |     1 |     3 |    17 ||    24
       Potion            |       |     2 |     1 |     7 ||    10
 Stab: Held in net/web   |     2 |     1 |     1 |       ||     4
       Confused          |       |       |       |    11 ||    11
       Fleeing           |       |       |       |     2 ||     2
       Distracted        |       |       |       |     6 ||     6
  Eat: Beef jerky        |     1 |       |     5 |     1 ||     7
       Chunk             |       |       |     2 |     7 ||     9
